 Dungeon Crawl Stone Soup version 0.30.0-30-g96aa6591b8 (webtiles) character file.

Game seed: 1468143106628319545

5 Fecro the Sneak (level 1, 0/10 HPs)
             Began as a Spriggan Brigand on June 30, 2023.
             Killed from afar by a dart slug (5 damage)
             ... with a slug dart
             ... on level 1 of the Dungeon.
             The game lasted 00:00:54 (317 turns).

Fecro the Sneak (Spriggan Brigand)                   Turns: 317, Time: 00:00:55

Health: 0/10       AC:  3    Str:  7    XL:     1   Next: 66%
Magic:  2/2        EV: 16    Int: 12    God:
Gold:   33         SH:  0    Dex: 16    Spells: 0/0 levels left

rFire   . . .        a - +3 dagger
rCold   . . .        (no shield)
rNeg    . . .        b - +0 robe
rPois   .            (helmet restricted)
rElec   .            c - +0 cloak
rCorr   .            (gloves unavailable)
SInv    +            (boots unavailable)
Will    .....        (no amulet)
Stlth   +++          (no ring)
HPRegen 0.21/turn    (no ring)
MPRegen 0.08/turn

%: no passive effects
@: very quick
A: very small, no large weapons, unfitting armour, see invisible, speed 3
a: no special abilities


You were on level 1 of the Dungeon.
You visited 1 branch of the dungeon, and saw 1 of its levels.

You collected 33 gold pieces.

Inventory:

Hand Weapons
 a - a +3 dagger (weapon)
 g - a +0 sling
Missiles
 d - 9 poisoned darts (quivered)
 e - 3 curare-tipped darts
 f - 3 stones
Armour
 b - a +0 robe (worn)
 c - a +0 cloak (worn)
Scrolls
 h - a scroll of noise {unknown}
 i - a scroll of identify {unknown}


   Skills:
 + Level 1.5 Fighting
 + Level 2.2 Short Blades
 * Level 2.1 Throwing
 + Level 1.3 Dodging
 * Level 6.2 Stealth


You couldn't memorise any spells.
You didn't know any spells.
Your spell library was empty.

Dungeon Overview and Level Annotations

Branches:
Dungeon (1/15)

Altars:


Innate Abilities, Weirdness & Mutations

You are very small and have problems with some larger weapons.
You are too small for most types of armour.
You have supernaturally acute eyesight. (SInv)
You cover ground extremely quickly. (Speed+++)


Message History

The bat misses you.
You hit the bat.
You kill the bat!
No target in view!
You now have 24 gold pieces (gained 12).
Found a sling.
Found a stone staircase leading down.
Found a scroll labelled AGROJI ETIAWUN and 9 gold pieces.
You see here a +0 sling.
g - a +0 sling
g - a +0 sling (weapon)
You start waiting.
Done waiting.
a - a +2 dagger (weapon)
h - a scroll labelled AGROJI ETIAWUN
As you read the scroll labelled AGROJI ETIAWUN, it crumbles to dust.
It is a scroll of enchant weapon.
Your +2 dagger glows red for a moment.
Found a scroll labelled ASASTOYGAFF and a scroll labelled VIGHIULEKO.
A dart slug comes into view.
The helpless dart slug fails to defend itself.
You impale the dart slug!!
You kill the dart slug!
You now have 33 gold pieces (gained 9).
h - a scroll labelled ASASTOYGAFF
i - a scroll labelled VIGHIULEKO A hobgoblin comes into view.
A dart slug comes into view.
Found a thick soapstone amulet.
The hobgoblin shouts!
The hobgoblin completely misses you.
You hit the hobgoblin.
The hobgoblin is moderately wounded.
The dart slug launches a dart at you. The slug dart hits you.
The hobgoblin hits you.
You are too injured to fight recklessly!
The dart slug launches a dart at you. The slug dart hits you.
Ouch! That really hurt!
You die...

...#####..............
......................
#.................... .
.............#....... ..
........#....#...########
........+...............
#.......#....#...##.$.
#.......######...##.#####.
................@.g.......
####.##########.....#####.
...#.# .........# .....#
...........# .....#
.......##...# .....#
.......##...# .....#
.".....##..w# .....#
....... #...# .....#


You could see a dart slug and a hobgoblin.

Vanquished Creatures
  A dart slug (D:1)
  2 bats (D:1)
  A frilled lizard (D:1)
  A kobold (D:1)
5 creatures vanquished.

Notes
Turn   | Place    | Note
-------+----------+-------------------------------------------
     0 | D:1      | Fecro the Spriggan Brigand began the quest for the Orb.
     0 | D:1      | Reached XP level 1. HP: 10/10 MP: 2/2
   113 | D:1      | Reached skill level 6 in Stealth
   317 | D:1      | Killed from afar by a dart slug

Illustrated notes

Levels and vault maps discovered:
D:1:      kilobyte_arrival_exit_the_forest, layout_basic

Skill      XL: |  1 |
---------------+----+-----
Stealth        | 6 |  6.2
Fighting       | |  1.5
Short Blades   | |  2.2
Throwing       | |  2.1
Dodging        | |  1.3

Action                     || total
---------------------------++-------
  Melee: Dagger            ||     8
    Use: Scroll            ||     2
   Stab: Sleeping          ||     3
 Armour: Robe              ||     1
  Dodge: Dodged            ||     6
